 Dungeon Crawl Stone Soup version 0.28.0-47-ge53b351184 (webtiles) character file.

Game seed: 2106403913654294232

45 Peloso the Covered (level 3, 33/33 HPs)
             Began as a Minotaur Fighter on May 7, 2022.
             Got out of the dungeon alive.
             The game lasted 00:01:52 (835 turns).

Peloso the Covered (Minotaur Fighter)                Turns: 835, Time: 00:01:53

Health: 33/33      AC:  5    Str: 18 (20) XL:     3   Next: 42%
Magic:  2/2        EV:  7    Int:  4 (5)  God:
Gold:   49         SH:  4    Dex: 10 (11) Spells: 2/2 levels left

rFire   + . .      SeeInvis .   a - +0 long sword
rCold   . . .      Faith    .   c - +0 buckler
rNeg    . . .      Spirit   .   n - +0 chain mail
rPois   .          Reflect  .   (helmet restricted)
rElec   .          Harm     .   (no cloak)
rCorr   .          Rampage  .   (no gloves)
Will    .....                   (no boots)
Stlth   ..........              (no amulet)
HPRegen 0.11/turn               l - ring of protection from fire
MPRegen 0.08/turn               (no ring)

@: no status effects
A: horns 2, retaliatory headbutt, deformed body, mutation resistance 1
a: no special abilities


You escaped.
You visited 1 branch of the dungeon, and saw 1 of its levels.

You collected 49 gold pieces.

Inventory:

Hand Weapons
 a - a +0 long sword (weapon)
Armour
 b - a +0 scale mail
 c - a +0 buckler (worn)
 n - a +0 chain mail (worn)
Jewellery
 l - a ring of protection from fire (left hand)
Scrolls
 h - a scroll of enchant armour {unknown}
 m - a scroll of identify {unknown}
 o - a scroll of brand weapon {unknown}
Potions
 d - a potion of might
 g - a potion of curing
 k - a potion of resistance {unknown}


   Skills:
 + Level 4.0 Fighting
 + Level 3.4 Long Blades
 + Level 4.1 Armour
 + Level 0.3 Dodging
 + Level 4.0 Shields


You had 2 spell levels left.
You didn't know any spells.
Your spell library contained the following spells:

 Spells                   Type           Power      Damage    Failure   Level
 Sublimation of Blood     Necr           0%         N/A       100%        2
 Wereblood                Tmut           0%         N/A       100%        2
 Summon Hydra             Summ           0%         N/A       100%        7


Dungeon Overview and Level Annotations

Branches:
Dungeon (1/15)

Altars:


Innate Abilities, Weirdness & Mutations

You have a pair of horns on your head.
You reflexively headbutt those who attack you in melee.
Armour fits poorly on your strangely shaped body.
You are somewhat resistant to further mutation.


Message History

You kill the dart slug!
You see here a dart slug corpse.
Things that are here:
a +0 club; a goblin skeleton
There is a stone staircase leading down here.
You now have 49 gold pieces (gained 14).
You see here a +0 club.
You see here a +0 scale mail.
You see here 23 bolts.
A ball python comes into view.
The ball python hisses angrily.
A ball python is nearby!
A ball python is nearby!
A ball python is nearby!
A dart slug comes into view.
You slash the ball python!
You kill the ball python!
The dart slug launches a dart at you. The slug dart hits you.
The dart slug bites you but does no damage.
You slash the dart slug!
You kill the dart slug!
Done exploring.
Done exploring.
Done exploring.
Done exploring.
As you read the scroll labelled BOW DOCAYMUMIO, it crumbles to dust.
The scroll dissolves into smoke.
It was a scroll of fog.
As you read the scroll labelled NEOPOQ RIUMI, it crumbles to dust.
The air around you briefly surges with heat, but it dissipates.
It was a scroll of immolation.
It was a potion of curing.
You feel better.
It was a potion of degeneration.
There was something very wrong with that liquid.
You feel weakened.
You feel dopey.
You feel clumsy.
It was a potion of mutation.
You feel extremely strange.
Your body twists and deforms.
You feel genetically stable.
There is a staircase leading out of the dungeon here.
Are you sure you want to leave the Dungeon?
This will make you lose the game!
You have escaped!

#8#..##.....#...#...#......##
.........#...#..#..#...#....#
....#.....#..#..#..#..#.....#
....#......#..#.#.#..#......#
#8###.).#...#.#.#.#.#...#...#
### #....##..#.#.#.#..##....#
#......##.#...#.##......#
#........#.....#........#
#..######...@...######..#
#........#.....#........#
#......##.#...#.##......#
#....##..#.#.#.#..##....#
#...#...#.#.#.#.#...#...#
#......#..#.#.#..#......#
#.....#..#..#..#..#.....#
#....#...#..#..#...#....#
##......#...#...#......##


There were no monsters in sight!

Vanquished Creatures
  6 dart slugs (D:1)
  2 endoplasms (D:1)
  4 giant cockroaches (D:1)
  A hobgoblin (D:1)
  3 kobolds (D:1)
  4 ball pythons (D:1)
  4 bats (D:1)
  A frilled lizard (D:1)
  5 goblins (D:1)
30 creatures vanquished.

Notes
Turn   | Place    | Note
-------+----------+-------------------------------------------
     0 | D:1      | Peloso the Minotaur Fighter began the quest for the Orb.
     0 | D:1      | Reached XP level 1. HP: 19/19 MP: 0/0
   217 | D:1      | Reached XP level 2. HP: 27/27 MP: 1/1
   362 | D:1      | Reached XP level 3. HP: 33/33 MP: 2/2
   786 | D:1      | Gained mutation: Armour fits poorly on your strangely
                  | shaped body. [potion of mutation]
   786 | D:1      | Gained mutation: You are somewhat resistant to further
                  | mutation. [potion of mutation]
   835 | D:$      | Got out of the dungeon alive.

Illustrated notes

Levels and vault maps discovered:
D:1:      minmay_arrival_radiant_lines, layout_basic, corner_web_ring,
          corexii_hall_statues_x

Skill      XL: |  1  2 |
---------------+-------+-----
Armour         | 4 |  4.1
Shields        | 4 |  4.0
Fighting       | 4 |  4.0
Long Blades    | 3 |  3.4
Dodging        | |  0.3

Action                   || total
-------------------------++-------
Melee: Long sword        ||    57
       Headbutt          ||     6
  Use: Potion            ||     3
       Scroll            ||     2
Armor: Scale mail        ||    25
       Chain mail        ||     4
Dodge: Dodged            ||    31
Block: Buckler           ||    10
